 Dungeon Sprint DCSS version 0.24-a0-250-g6074511092 (webtiles) character file.

Game seed: 1216495250566154235

32718 Redear the Timeless (level 13, -7/134 HPs)
             Began as a Deep Dwarf Fighter on Apr 15, 2019.
             Was a High Priest of Cheibriados.
             Killed from afar by a green draconian knight (12 damage)
             ... with a shard of ice
             ... in the Dungeon (Sprint VII: "The Pits").
             The game lasted 00:09:33 (1467 turns).

Redear the Timeless (Deep Dwarf Fighter)            Turns: 1467, Time: 00:09:33

Health: -7/134     AC: 22    Str: 32    XL:     13   Next: 32%
Magic:  3/21       EV: 21    Int: 24    God:    Cheibriados [*****.]
Gold:   31         SH: 16    Dex: 23    Spells: 12/12 levels left

rFire    . . .     SeeInvis .   k - +2 mace (crush)
rCold    . . .     Gourm    .   c - +0 shield
rNeg     . . .     Faith    .   l - +2 plate armour
rPois    .         Spirit   .   q - +0 helmet
rElec    .         Reflect  .   r - +0 cloak
rCorr    .         Harm     .   (no gloves)
MR       +....     NoTele   +   (no boots)
Stlth    ..........             (no amulet)
HPRegen  0.00/turn              (no ring)
MPRegen  0.17/turn              (no ring)

@: lethally poisoned (-7 -> -7), very slightly contaminated, starving,
non-regenerating, very slow
A: damage resistance, heal wounds, sense surroundings 2, no regeneration
a: Heal Wounds, Bend Time, Temporal Distortion, Slouch, Step From Time, Renounce
Religion


You were in the Dungeon.
You worshipped Cheibriados.
Cheibriados was extremely pleased with you.
You were starving.

You visited 1 branch You collected 31 gold pieces.

Inventory:

Hand Weapons
 a - a +0 flail
 k - a +2 mace of crushing (weapon)
 s - a +2 dire flail of protection
 u - a +3 scimitar of flaming
Armour
 b - a +0 scale mail
 c - a +0 shield (worn)
 l - a +2 plate armour (worn)
 m - a +3 ring mail
 q - a +0 helmet (worn)
 r - a +0 cloak (worn)
 w - a +0 scale mail of fire resistance {rF+}
Jewellery
 n - a +3 ring of intelligence
 p - a +3 ring of protection
 v - an uncursed ring of positive energy {rN+}
 x - a -2 ring of intelligence
Scrolls
 f - 5 scrolls of amnesia
 h - 2 scrolls of summoning
 y - 4 scrolls of enchant weapon
 A - 2 scrolls of fear
 N - 4 scrolls of remove curse {@r2}
 R - 4 scrolls of identify {@r1}
Potions
 d - 2 potions of might {Str+5 DMG+1d10 | @q3}
 e - 2 potions of invisibility
 g - 17 potions of heal wounds {@q1}
 i - 2 potions of magic
 j - 4 potions of berserk rage
 o - 3 potions of agility {Stlth+ Dex+5 EV+5 | @q4}
 C - a potion of resistance {rF+ rC+ rPois rElec rCorr}
 H - 2 potions of haste {@q5}
 Q - 8 potions of curing {@q2}
Comestibles
 t - 3 chunks of flesh
 z - 10 rations


   Skills:
 + Level 13.8 Fighting
 + Level 14.8 Maces & Flails
 + Level 16.1 Armour
 + Level 15.5 Dodging
 + Level 16.1 Shields
 + Level 18.1 Invocations


You had 12 spell levels left.
You didn't know any spells.
Your spell library was empty.

Dungeon Overview and Level Annotations

Branches:
Dungeon (1/1)

Altars:
Ashenzari
Cheibriados
Dithmenos
Elyvilon
Fedhas
Gozag
Hepliaklqana
Kikubaaqudgha
Makhleb
Nemelex Xobeh
Okawaru
Qazlal
Ru
Sif Muna
Trog
Uskayaw
Vehumet
Wu Jian
Xom
Yredelemnul
Zin
The Shining One
Beogh
Jiyva
Lugonu


Innate Abilities, Weirdness & Mutations

You are resistant to damage.
You can heal yourself by infusing magical energy.
You passively map the area around you.
You do not regenerate.


Message History

The bolt of cold hits you!!
You take 34 damage, and have 62/134 hp.
MASSIVE DAMAGE!!
Unknown command.
You feel better. The nagaraja spits poison at you.
You block the splash of poison.
The nagaraja points at you and mumbles some strange words.
The poison arrow hits you!!
You are poisoned.
The green draconian knight gestures at you while chanting.
The bolt of cold hits you!!!
* * * LOW HITPOINT WARNING * * *
You take 57 damage, and have 5/134 hp.
MASSIVE DAMAGE!!
Unknown command.
Blink to where?
Press: ? - help, Dir - move target cursor
As you read the scroll of blinking {@r4}, it crumbles to dust.
The green draconian knight gestures at you while chanting.
The shard of ice hits you!
You die...

, ,*, , , , ** * * ,
, * , , , + * ,,, ,*
* ** * * +
##################+#
...)...............#
....))..).......@..#
#++##############..#
, , * #..# , * *, *
,#..# , ** , #q.# ,,
,#).# , ,, #NN# , ,
* , , ,,#x.# ** ,**
* + #..#


You could see a green draconian knight, 2 nagarajas and a crawling corpse.

Vanquished Creatures
  An ancient lich (D)
  A lich (D)
  Ilsuiw (D)
  A deep elf sorcerer (D)
  A draconian knight (D)
  A draconian annihilator (D)
  A vampire knight (D)
  A deep elf annihilator (D)
  A deep elf demonologist (D)
  A black draconian (D)
  2 deep elf death magi (D)
  A shadow wraith (D)
  2 sea snakes (D)
  An unseen horror (D)
  A lindwurm (D)
  A wizard (D)
  An orc knight (D)
  An ugly thing (D)
  2 deep elf magi (D)
  A cyclops (D)
  An elephant (D)
  2 merfolk sirens (D)
  A rust devil (D)
  A molten gargoyle (D)
  A smoke demon (D)
  A freezing wraith (D)
  A komodo dragon (D)
  An efreet (D)
  A guardian mummy (D)
  A red devil (D)
  2 trolls (D)
  2 merfolk (D)
  A jumping spider (D)
  A hornet (D)
  A tyrant leech (D)
  6 blink frogs (D)
  2 flying skulls (D)
  A snapping turtle (D)
  A wyvern (D)
  3 redbacks (D)
  2 tarantellas (D)
  A ynoxinul (D)
  7 yaks (D)
  Grum (D)
  A warg (D)
  A soldier ant (D)
  A porcupine (D)
  A sky beast (D)
  An ogre (D)
  A phantom (D)
  6 wolves (D)
  An eye of draining (D)
  A big kobold (D)
  A small abomination (D)
  A scorpion (D)
  2 quasits (D)
  A jelly (D)
  2 orc priests (D)
  3 orc wizards (D)
  Jessica (D)
  A worker ant (D)
  A hell rat (D)
  An adder (D)
  An ufetubus (D)
  An adder skeleton (D)
  2 leopard geckos (D)
  7 orcs (D)
  A bat skeleton (D)
  A goblin (D)
  2 hobgoblins (D)
  4 jackals (D)
  A ball python (D)
  3 frilled lizards (D)
  A giant cockroach simulacrum (D)
  A crawling corpse (D)
118 creatures vanquished.

Notes
Turn   | Place    | Note
-------+----------+-------------------------------------------
     0 | D        | Redear the Deep Dwarf Fighter began the quest for the Orb.
     0 | D        | Reached XP level 1. HP: 20/20 MP: 1/1
    45 | D        | Found a bloodstained altar of Trog.
    45 | D        | Found a deep blue altar of Sif Muna.
    45 | D        | Found a viscous altar of Jiyva.
    45 | D        | Found a hazy altar of Hepliaklqana.
    45 | D        | Found an opulent altar of Gozag.
    46 | D        | Found a glowing golden altar of the Shining One.
    46 | D        | Found a glowing silver altar of Zin.
    46 | D        | Found a basalt altar of Yredelemnul.
    46 | D        | Found a shimmering altar of Xom.
    46 | D        | Found an ornate altar of the Wu Jian Council.
    46 | D        | Found a sacrificial altar of Ru.
    46 | D        | Found a stormy altar of Qazlal.
    46 | D        | Found an iron altar of Okawaru.
    46 | D        | Found a sparkling altar of Nemelex Xobeh.
    46 | D        | Found a burning altar of Makhleb.
    46 | D        | Found a blossoming altar of Fedhas.
    46 | D        | Found a white marble altar of Elyvilon.
    46 | D        | Found a shadowy altar of Dithmenos.
    46 | D        | Found a snail-covered altar of Cheibriados.
    48 | D        | Found a radiant altar of Vehumet.
    48 | D        | Found a corrupted altar of Lugonu.
    48 | D        | Found a roughly hewn altar of Beogh.
    49 | D        | Found a hide-covered altar of Uskayaw.
    49 | D        | Found an ancient bone altar of Kikubaaqudgha.
    49 | D        | Found a shattered altar of Ashenzari.
    57 | D        | Became a worshipper of Cheibriados the Contemplative
    74 | D        | Reached skill level 3 in Fighting
    76 | D        | Reached * piety under Cheibriados
    82 | D        | Reached ** piety under Cheibriados
    89 | D        | Reached skill level 4 in Armour
    89 | D        | Reached skill level 4 in Shields
    89 | D        | Reached XP level 2. HP: 26/28 MP: 2/2
   100 | D        | Reached skill level 3 in Maces & Flails
   121 | D        | Reached *** piety under Cheibriados
   129 | D        | Reached **** piety under Cheibriados
   129 | D        | Reached skill level 4 in Fighting
   129 | D        | Reached skill level 2 in Invocations
   129 | D        | Reached XP level 3. HP: 13/36 MP: 2/4
   302 | D        | Noticed a deep elf mage
   302 | D        | Noticed a porcupine
   302 | D        | Noticed a phantom
   306 | D        | Noticed Jessica
   312 | D        | Reached skill level 4 in Maces & Flails
   312 | D        | Reached skill level 5 in Armour
   312 | D        | Reached skill level 1 in Dodging
   312 | D        | Reached skill level 5 in Shields
   312 | D        | Reached skill level 3 in Invocations
   312 | D        | Reached XP level 4. HP: 33/44 MP: 4/6
   315 | D        | Noticed an earth elemental
   315 | D        | Noticed an earth elemental
   315 | D        | Reached skill level 2 in Dodging
   320 | D        | Killed a porcupine
   320 | D        | Reached ***** piety under Cheibriados
   320 | D        | Reached skill level 5 in Fighting
   320 | D        | Reached skill level 5 in Maces & Flails
   320 | D        | Reached skill level 6 in Armour
   320 | D        | Reached skill level 4 in Dodging
   320 | D        | Reached skill level 6 in Shields
   320 | D        | Reached skill level 5 in Invocations
   320 | D        | Reached XP level 5. HP: 21/52 MP: 5/9
   321 | D        | Reached skill level 6 in Invocations
   352 | D        | Killed a deep elf mage
   352 | D        | Reached skill level 6 in Fighting
   352 | D        | Reached skill level 6 in Maces & Flails
   352 | D        | Reached skill level 8 in Armour
   352 | D        | Reached skill level 6 in Dodging
   352 | D        | Reached skill level 8 in Shields
   352 | D        | Reached skill level 8 in Invocations
   352 | D        | Reached XP level 6. HP: 39/63 MP: 4/12
   352 | D        | Reached XP level 7. HP: 43/70 MP: 4/13
   359 | D        | Killed Jessica
   359 | D        | Reached skill level 7 in Maces & Flails
   398 | D        | Noticed a flying skull
   407 | D        | Killed a flying skull
   407 | D        | Reached ****** piety under Cheibriados
   407 | D        | Reached skill level 7 in Fighting
   407 | D        | Reached skill level 7 in Dodging
   410 | D        | Noticed a blink frog
   432 | D        | Killed a blink frog
   432 | D        | Reached skill level 9 in Armour
   432 | D        | Reached skill level 9 in Invocations
   432 | D        | Reached XP level 8. HP: 37/80 MP: 14/14
   452 | D        | Reached skill level 9 in Shields
   461 | D        | Noticed a molten gargoyle
   468 | D        | Reached skill level 8 in Maces & Flails
   476 | D        | Killed a molten gargoyle
   476 | D        | Reached skill level 8 in Fighting
   476 | D        | Reached skill level 8 in Dodging
   476 | D        | Reached skill level 10 in Invocations
   576 | D        | Noticed a lindwurm
   595 | D        | Killed a lindwurm
   595 | D        | Reached skill level 10 in Armour
   595 | D        | Reached skill level 10 in Shields
   595 | D        | Gained mutation: You passively map the area around you.
                  | [Deep Dwarf growth]
   595 | D        | Reached XP level 9. HP: 45/90 MP: 15/17
   603 | D        | Your magical essence is drained by the effort!
   611 | D        | Noticed Grum
   612 | D        | Reached skill level 9 in Maces & Flails
   612 | D        | Reached skill level 9 in Dodging
   612 | D        | Reached skill level 11 in Invocations
   613 | D        | Noticed a troll
   614 | D        | Noticed an orc knight
   615 | D        | Killed Grum
   615 | D        | Killed a troll
   615 | D        | Reached skill level 9 in Fighting
   622 | D        | Noticed a merfolk
   627 | D        | Killed an orc knight
   638 | D        | Killed a merfolk
   638 | D        | Reached skill level 11 in Armour
   638 | D        | Reached skill level 11 in Shields
   660 | D        | Reached skill level 10 in Dodging
   660 | D        | Reached skill level 12 in Invocations
   661 | D        | Reached skill level 10 in Maces & Flails
   661 | D        | Reached XP level 10. HP: 50/99 MP: 6/18
   698 | D        | Reached skill level 10 in Fighting
   754 | D        | Killed an unseen horror
   754 | D        | Reached skill level 12 in Armour
   754 | D        | Reached skill level 11 in Dodging
   754 | D        | Reached skill level 12 in Shields
   754 | D        | Reached skill level 13 in Invocations
   783 | D        | Noticed a cyclops
   792 | D        | Noticed a smoke demon
   802 | D        | Killed a cyclops
   802 | D        | Reached skill level 11 in Maces & Flails
   809 | D        | Killed a smoke demon
   846 | D        | Your magical essence is drained by the effort!
   848 | D        | Reached XP level 11. HP: 63/110 MP: 19/19
   882 | D        | Your magical essence is drained by the effort!
   905 | D        | Noticed a sea snake
   911 | D        | Reached skill level 14 in Invocations
   911 | D        | Reached skill level 12 in Dodging
   912 | D        | Reached skill level 11 in Fighting
   912 | D        | Killed a sea snake
   912 | D        | Reached skill level 13 in Armour
   912 | D        | Reached skill level 13 in Shields
   918 | D        | Killed a shadow wraith
   918 | D        | Reached skill level 12 in Maces & Flails
  1111 | D        | Noticed a vampire knight
  1112 | D        | Paralysed by a hornet for 2 turns
  1117 | D        | Killed a vampire knight
  1178 | D        | Noticed a sea snake
  1189 | D        | Killed a sea snake
  1189 | D        | Reached skill level 15 in Invocations
  1198 | D        | Noticed a black draconian
  1231 | D        | Killed a black draconian
  1231 | D        | Reached skill level 13 in Dodging
  1260 | D        | Noticed Ilsuiw
  1271 | D        | Reached skill level 12 in Fighting
  1271 | D        | Reached skill level 14 in Armour
  1271 | D        | Reached skill level 14 in Shields
  1299 | D        | Killed Ilsuiw
  1299 | D        | Reached skill level 13 in Maces & Flails
  1299 | D        | Reached XP level 12. HP: 40/122 MP: 3/20
  1322 | D        | Your magical essence is drained by the effort!
  1330 | D        | Your magical essence is drained by the effort!
  1335 | D        | Reached skill level 16 in Invocations
  1432 | D        | Noticed a deep elf annihilator
  1433 | D        | Noticed a red draconian knight
  1433 | D        | Noticed a purple draconian annihilator
  1433 | D        | Noticed a nagaraja
  1433 | D        | Noticed an ancient lich
  1433 | D        | Noticed a lich
  1434 | D        | Noticed a deep elf demonologist
  1435 | D        | Noticed a deep elf death mage
  1435 | D        | Noticed a nagaraja
  1436 | D        | Noticed a deep elf sorcerer
  1438 | D        | Killed a deep elf sorcerer
  1438 | D        | Noticed a green death
  1438 | D        | Noticed a green draconian knight
  1439 | D        | Killed a deep elf demonologist
  1439 | D        | Reached skill level 14 in Dodging
  1439 | D        | Noticed a deep elf death mage
  1442 | D        | Killed a purple draconian annihilator
  1442 | D        | Killed a lich
  1442 | D        | Reached skill level 13 in Fighting
  1442 | D        | Reached skill level 15 in Armour
  1442 | D        | Reached skill level 15 in Shields
  1444 | D        | Killed a deep elf annihilator
  1444 | D        | Reached skill level 14 in Maces & Flails
  1444 | D        | Reached skill level 17 in Invocations
  1446 | D        | Killed a red draconian knight
  1448 | D        | Killed an ancient lich
  1448 | D        | Reached skill level 15 in Dodging
  1448 | D        | Reached XP level 13. HP: 26/134 MP: 20/20
  1448 | D        | Killed a deep elf death mage
  1448 | D        | Reached skill level 16 in Armour
  1448 | D        | Reached skill level 16 in Shields
  1448 | D        | Reached skill level 18 in Invocations
  1461 | D        | Killed a deep elf death mage
  1466 | D        | HP: 5/134 [green draconian knight/bolt of cold (37)]
  1467 | D        | Killed from afar by a green draconian knight

Levels and vault maps discovered:
D:        pitsprint [storerooms_1, entrance_room_1, metal_vault_7, armoury_2,
          mini_pit_1, grid_room_1, main_hall_1, silver_pit, the_coven_3,
          the_vestibule_1, steel_vault_2, golden_pit, hallway_of_sentries,
          crystal_vault_2, iron_vault_5, final_vault]

Skill      XL: |  1  2  3  4  5  6  7  8  9 10 11 12 13 |
---------------+----------------------------------------+-----
Fighting       | 3 4 5 6 7 8 9 10 12 13 | 13.8
Armour         | 4 5 6 8 9 10 11 12 14 15 16 | 16.1
Shields        | 4 5 6 8 10 11 12 14 15 16 | 16.1
Maces & Flails | 3 4 5 6 7 8 10 11 13 14 | 14.8
Invocations    | 2 3 5 8 9 10 12 13 15 17 18 | 18.1
Dodging        | 1 4 6 7 8 10 11 13 15 | 15.5

Action                   |  1- 3 |  4- 6 |  7- 9 | 10-12 | 13-15 || total
-------------------------+-------+-------+-------+-------+-------++-------
Melee: Flail             |    49 |       |       |       |       ||    49
       Mace              |     8 |    37 |    86 |   220 |    10 ||   361
Invok: Slouch            |       |     1 |     4 |    22 |     4 ||    31
 Abil: Heal Wounds       |     1 |     2 |     8 |    20 |       ||    31
  Use: Potion            |       |       |       |     3 |     4 ||     7
       Scroll            |       |       |       |     1 |     1 ||     2
  Eat: Chunk             |       |       |       |     3 |       ||     3
Armor: Scale mail        |    24 |       |       |       |       ||    24
       Plate armour      |     3 |     5 |    32 |    65 |     4 ||   109
Dodge: Dodged            |    14 |    13 |    39 |    93 |     3 ||   162
Block: Shield            |    31 |    17 |    64 |   173 |     5 ||   290

Table legend:
 A = Non-vault XP
 B = Vault XP
 C = Vault XP percentage of total XP
 D = Non-vault monster count
 E = Vault monster count
 F = Vault count percentage of total count
                 A         B        C        D         E       F
            +---------+---------+-------+---------+---------+-------
      Total |       0 |   46740 | 100.0 |       0 |     117 | 100.0
            +---------+---------+-------+---------+---------+-------
          D |       0 |   46740 | 100.0 |       0 |     117 | 100.0
            +---------+---------+-------+---------+---------+-------
